 Dungeon Crawl Stone Soup version 0.29.1-13-g9f3cf754e1 (webtiles) character file.

Game seed: 6793651372848379029

156 Thatpatchoflichen the Shooter (level 5, 0/30 HPs)
             Began as a Deep Elf Hunter on Feb 1, 2023.
             Slain by a scorpion (3 damage)
             ... on level 5 of the Dungeon.
             The game lasted 00:09:24 (3694 turns).

Thatpatchoflichen the Shooter (Deep Elf Hunter)     Turns: 3694, Time: 00:09:25

Health: 0/30       AC:  5    Str:  8    XL:     5   Next: 14%
Magic:  7/7        EV: 14    Int: 14    God:
Gold:   232        SH:  0    Dex: 20    Spells: 4/4 levels left

rFire   . . .      SeeInvis .   a - +0 shortbow
rCold   . . .      Faith    .   (shield currently unavailable)
rNeg    . . .      Spirit   .   c - +0 leather armour
rPois   .          Reflect  .   (no helmet)
rElec   .          Harm     .   (no cloak)
rCorr   .          Rampage  .   f - +0 pair of gloves
Will    .....                   r - +0 pair of boots
Stlth   ++........              (no amulet)
HPRegen 0.10/turn               (no ring)
MPRegen 0.10/turn               (no ring)

@: lethally poisoned (0 -> -11)
A: no striking features
a: no special abilities


You were on level 5 of the Dungeon.
You visited 1 branch of the dungeon, and saw 5 of its levels.

You collected 232 gold pieces.

Inventory:

Hand Weapons
 a - a +0 shortbow (weapon)
Missiles
 t - 4 datura-tipped darts
Armour
 c - a +0 leather armour (worn)
 f - a +0 pair of gloves (worn)
 j - a +0 pair of boots
 r - a +0 pair of boots (worn)
Wands
 k - a wand of roots (14)
Scrolls
 b - a scroll of immolation
 e - a scroll of noise {unknown}
 h - a scroll of torment {unknown}
 i - a scroll of brand weapon {unknown}
 m - 2 scrolls of fear {unknown}
 n - a scroll of enchant armour {unknown}
 q - a scroll of amnesia {unknown}
 s - 2 scrolls of identify {unknown}
 w - 2 scrolls of magic mapping
 y - a scroll of butterflies {unknown}
Potions
 d - 3 potions of degeneration {unknown}
 g - a potion of resistance {unknown}
 l - 2 potions of mutation {unknown}
 o - a potion of flight {unknown}
 p - a potion of invisibility {unknown}
 u - a potion of lignification {unknown}
 v - a potion of magic {unknown}
 x - a potion of curing {unknown}
 z - a potion of haste {unknown}
 A - a potion of might {unknown}
 B - a potion of heal wounds {unknown}


   Skills:
 - Level 2.0 Fighting
 + Level 6.2 Ranged Weapons
 * Level 5.5 Dodging
 - Level 1.2 Stealth


You had 4 spell levels left.
You didn't know any spells.
Your spell library contained the following spells:

 Spells                   Type           Power      Damage    Failure   Level
 Apportation              Tloc           0%         N/A       38%         1
 Beastly Appendage        Tmut           0%         N/A       38%         1
 Necrotise                Necr           0%         1d4       38%         1
 Blink                    Tloc           0%         N/A       54%         2
 Wereblood                Tmut           0%         N/A       54%         2
 Lesser Beckoning         Tloc           0%         N/A       77%         3
 Spider Form              Tmut/Pois      0%         N/A       77%         3
 Vampiric Draining        Necr           0%         2d6       77%         3
 Agony                    Necr           0%         N/A       100%        5
 Manifold Assault         Tloc           0%         N/A       100%        5


Dungeon Overview and Level Annotations

Branches:
Dungeon (5/15)
 Temple: D:4-7

Altars:
Qazlal
Yredelemnul

Shops:
D:4 *

Annotations:
D:4 Dowan, Duvessa


Message History

You shoot an arrow.
The arrow hits the scorpion but does no damage.
The scorpion is almost dead.
The scorpion barely misses you.
The scorpion stings you but does no damage.
Fire: a) +0 shortbow
Press: ? - help, Q - select action, (/) - cycle Shift-Dir - straight line, f/p - scorpion
Aim: a scorpion (almost dead, 66% to hit)
You shoot an arrow.
The arrow hits the scorpion but does no damage.
The scorpion is almost dead.
The scorpion stings you.
Fire: a) +0 shortbow
Press: ? - help, Q - select action, (/) - cycle Shift-Dir - straight line, f/p - scorpion
Aim: a scorpion (almost dead, 66% to hit)
You shoot an arrow. The arrow barely misses the scorpion.
The scorpion misses you. x2
Unknown command.
Fire: a) +0 shortbow
Press: ? - help, Q - select action, (/) - cycle Shift-Dir - straight line, f/p - scorpion
Aim: a scorpion (almost dead, 66% to hit)
You shoot an arrow.
The arrow hits the scorpion but does no damage.
The scorpion is almost dead.
The scorpion stings you.
* * * LOW HITPOINT WARNING * * *
You are lethally poisoned!
The scorpion poisons you!
Fire: a) +0 shortbow
Press: ? - help, Q - select action, (/) - cycle Shift-Dir - straight line, f/p - scorpion
Aim: a scorpion (severely wounded, 66% to hit)
You shoot an arrow.
The arrow hits the scorpion but does no damage.
The scorpion is severely wounded.
* * * LOW HITPOINT WARNING * * *
You feel very sick. The scorpion stings you.
* * * LOW HITPOINT WARNING * * *
The scorpion stings you.
You die...

### ...## .....
#..#.. #...#
#.##...#########
#.....s@.......#
####.#.#######.#
#.#. #.# #.#.#
#.#
###....######.# #
........>.....#.#
........†.......#
.####.#)####.####
#.#.####.#


You could see a scorpion.

Vanquished Creatures
  An iguana (D:5)
  Robin (D:2)
  5 adders
  A white imp (D:5)
  2 worms (D:2)
  2 dart slugs
  2 orcs
  5 endoplasms
  3 giant cockroaches
  6 goblins
  5 hobgoblins
  6 jackals
  2 quokkas
  4 ball pythons
  3 bats
  7 frilled lizards
  A kobold (D:2)
  3 rats
59 creatures vanquished.

Notes
Turn   | Place    | Note
-------+----------+-------------------------------------------
     0 | D:1      | Thatpatchoflichen the Deep Elf Hunter began the quest for
                  | the Orb.
     0 | D:1      | Reached XP level 1. HP: 12/12 MP: 3/3
   405 | D:1      | Reached XP level 2. HP: 17/17 MP: 4/4
   609 | D:1      | Found a faded altar of an unknown god.
   619 | D:1      | Got Plato's Compendium of the Jaunt
  1212 | D:2      | Noticed Robin
  1361 | D:2      | Killed Robin
  1362 | D:2      | Reached XP level 3. HP: 16/21 MP: 5/5
  1969 | D:2      | Found a basalt altar of Yredelemnul.
  1974 | D:2      | Reached skill level 6 in Ranged Weapons
  1974 | D:2      | Reached XP level 4. HP: 26/26 MP: 6/6
  2856 | D:3      | Reached skill level 5 in Dodging
  3176 | D:4      | Found Diafumini's Assorted Antiques.
  3190 | D:4      | Noticed an ogre
  3318 | D:4      | Noticed Duvessa
  3318 | D:4      | Noticed Dowan
  3455 | D:4      | Found a stormy altar of Qazlal.
  3498 | D:5      | Entered Level 5 of the Dungeon
  3583 | D:5      | HP: 1/26 [iguana (6)]
  3587 | D:5      | Reached XP level 5. HP: 2/30 MP: 7/7
  3694 | D:5      | Slain by a scorpion

Illustrated notes

Levels and vault maps discovered:
D:1:      saegor_arrival_simple_d, layout_loops_corners,
          shapermc_ecumenical_altar_rom_forum
D:2:      layout_loops_cross, basic_altar, minmay_crystal_room, uniq_robin
D:3:      layout_loops_ring
D:4:      dreamdust_elfheim, layout_cave_pools, old_standard_altar,
          serial_shops, shop, wad_orctagon
D:5:      layout_loops_ring, mainiacjoe_overflow_paths, lemuel_doored_altar,
          minmay_temple_entry_statues_pillars,
          lightli_ossuary_entry_decrepit_ruins, kennysheep_generic_room_13

Skill      XL: |  1  2  3  4 |
---------------+-------------+-----
Dodging        | 3 4 5 |  5.5
Fighting       | 2 |  2.0
Ranged Weapons | 6 |  6.2
Stealth        | |  1.2

Action                   |  1- 3 |  4- 6 || total
-------------------------+-------+-------++-------
 Fire: Shortbow          |   116 |    80 ||   196
  Use: Scroll            |       |     1 ||     1
Armor: Leather armour    |    26 |    18 ||    44
Dodge: Dodged            |    61 |    40 ||   101
